TOP OF THE 1ST |
Canton Indians batting - Pitching for Columbus Reds : LHP Chris Burr
|
Pitching: LHP Chris Burr
|
|
Batting: RHB Xavier Bartolani
|
0-0: Called Strike 0-1: Called Strike 0-2: Foul Ball, location: 2F 0-2: Strikes out looking
|
Batting: RHB Willie Toral
|
0-0: Ball 1-0: Ball 2-0: Ball 3-0: Called Strike 3-1: Swinging Strike 3-2: Foul Ball, location: 2F 3-2: Strikes out swinging
|
Batting: RHB Tony Gonzales
|
0-0: Swinging Strike 0-1: Foul Ball, location: 2F 0-2: Strikes out swinging
|
Top of the 1st over - 0 runs, 0 hits, 0 errors, 0 left on base; Canton 0 - Columbus 0 |
BOTTOM OF THE 1ST |
Columbus Reds batting - Pitching for Canton Indians : RHP Ian McLeod
|
Pitching: RHP Ian McLeod
|
|
Batting: RHB John Hopkins
|
0-0: Ball 1-0: Ball 2-0: Ball 3-0: Called Strike 3-1: Foul Ball, location: 2F 3-2: Foul Ball, location: 2F 3-2: Base on Balls
|
Batting: SHB Sal Esparza
|
0-0: Ball 1-0: Called Strike 1-1: SINGLE (Groundball, 4MD, EV 98.1 MPH) John Hopkins to second
|
Batting: LHB Jamie Spangenberg
|
0-0: Fly out, F8 (Flyball, 8RXD, EV 106.9 MPH) Runner from 2nd tags up, SAFE at 3rd, no throw by CF
|
Batting: RHB Ruben Cantu
|
0-0: Called Strike 0-1: Ball 1-1: Foul Ball, location: 2F 1-2: Ball 2-2: Strikes out swinging
|
Batting: LHB Mike Becerra
|
0-0: Fielders Choice at 2nd, 6-4 (Groundball, 6, EV 89.4 MPH)
|
Bottom of the 1st over - 0 runs, 1 hit, 0 errors, 2 left on base; Canton 0 - Columbus 0 |
TOP OF THE 2ND |
Canton Indians batting - Pitching for Columbus Reds : LHP Chris Burr
|
Batting: RHB Russ Kennett
|
0-0: Ball 1-0: Called Strike 1-1: Called Strike 1-2: Ball 2-2: Strikes out looking
|
Batting: SHB Bob Ledlow
|
0-0: Called Strike 0-1: Ball 1-1: Ball 2-1: Called Strike 2-2: Strikes out swinging
|
Batting: LHB Mike Humfleet
|
0-0: Ball 1-0: Ball 2-0: Fly out, F6 (Line Drive, 6, EV 75.0 MPH)
|
Top of the 2nd over - 0 runs, 0 hits, 0 errors, 0 left on base; Canton 0 - Columbus 0 |
BOTTOM OF THE 2ND |
Columbus Reds batting - Pitching for Canton Indians : RHP Ian McLeod
|
Batting: RHB Alex Nagera
|
0-0: Ball 1-0: Called Strike 1-1: Ground out 6-3 (Groundball, P, EV 90.6 MPH)
|
Batting: RHB Emanuel Estrada
|
0-0: Ball 1-0: Ball 2-0: Swinging Strike 2-1: Ball 3-1: Base on Balls
|
Batting: RHB Jimmy Geddes
|
0-0: Called Strike 0-1: 2-RUN HOME RUN (Line Drive, 78XD, EV 113.1 MPH), Distance : 442 ft
|
Batting: RHB Cornholdo Schwerin
|
0-0: Ball 1-0: Called Strike 1-1: Ball 2-1: Foul Ball, location: 2F 2-2: Foul Ball, location: 2F 2-2: Strikes out swinging
|
Batting: RHB John Hopkins
|
0-0: Swinging Strike 0-1: Called Strike 0-2: Foul Ball, location: 2F 0-2: Foul Ball, location: 2F 0-2: Ball 1-2: SINGLE (Groundball, 6MD, EV 103.1 MPH)
|
Batting: SHB Sal Esparza
|
0-0: Called Strike John Hopkins steals 2nd base (no throw) 0-1: Called Strike 0-2: Ball 1-2: Ball 2-2: Foul Ball, location: 2F 2-2: Ball 3-2: Base on Balls
|
Batting: LHB Jamie Spangenberg
|
0-0: Called Strike 0-1: Ball 1-1: Ball 2-1: Foul Ball, location: 2F 2-2: Ball 3-2: Foul Ball, location: 2F 3-2: Foul Ball, location: 2F 3-2: Base on Balls John Hopkins to third Sal Esparza to second
|
Batting: RHB Ruben Cantu
|
0-0: Ball 1-0: Foul Ball, location: 2F 1-1: Foul Ball, location: 2F 1-2: Ball 2-2: Strikes out swinging
|
Bottom of the 2nd over - 2 runs, 2 hits, 0 errors, 3 left on base; Canton 0 - Columbus 2 |
TOP OF THE 3RD |
Canton Indians batting - Pitching for Columbus Reds : LHP Chris Burr
|
Batting: LHB Jason Kessler
|
0-0: Called Strike 0-1: Foul Ball, location: 2F 0-2: Ball 1-2: Strikes out swinging
|
Batting: RHB Cruz Castro
|
0-0: SINGLE (Groundball, 5S, EV 70.0 MPH) (infield hit)
|
Batting: RHB Ryan Paquette
|
0-0: Swinging Strike 0-1: Foul Ball, location: 2F 0-2: Ball Wild Pitch! Cruz Castro to second 1-2: SINGLE (Groundball, 6MD, EV 95.6 MPH) Cruz Castro to third Throwing error, E8 Cruz Castro scores Ryan Paquette to second
|
Batting: RHB Xavier Bartolani
|
0-0: Foul Ball, location: 2F 0-1: Ball 1-1: Foul Ball, location: 2F 1-2: Strikes out swinging
|
Batting: RHB Willie Toral
|
0-0: Ball 1-0: Fly out, F8 (Flyball, 89M, EV 91.9 MPH)
|
Top of the 3rd over - 1 run, 2 hits, 1 error, 1 left on base; Canton 1 - Columbus 2 |
BOTTOM OF THE 3RD |
Columbus Reds batting - Pitching for Canton Indians : RHP Ian McLeod
|
Batting: LHB Mike Becerra
|
0-0: Ball 1-0: Called Strike 1-1: Fly out, F8 (Flyball, 8RD, EV 93.1 MPH)
|
Batting: RHB Alex Nagera
|
0-0: Ball 1-0: Fly out, F7 (Line Drive, 7, EV 105.0 MPH)
|
Batting: RHB Emanuel Estrada
|
0-0: Ball 1-0: Ball 2-0: Ball 3-0: Called Strike 3-1: Foul Ball, location: 2F 3-2: Base on Balls
|
Batting: RHB Jimmy Geddes
|
0-0: Called Strike 0-1: Foul Ball, location: 2F 0-2: Foul Ball, location: 2F 0-2: Ball 1-2: Ground out 4-3 (Groundball, 34, EV 84.4 MPH)
|
Bottom of the 3rd over - 0 runs, 0 hits, 0 errors, 1 left on base; Canton 1 - Columbus 2 |
TOP OF THE 4TH |
Canton Indians batting - Pitching for Columbus Reds : LHP Chris Burr
|
Batting: RHB Tony Gonzales
|
0-0: Ball 1-0: Called Strike 1-1: Called Strike 1-2: Ball 2-2: Fly out, F7 (Line Drive, 78S, EV 90.6 MPH)
|
Batting: RHB Russ Kennett
|
0-0: Fly out, F6 (Popup, 6MS, EV 71.2 MPH)
|
Batting: SHB Bob Ledlow
|
0-0: Called Strike 0-1: Called Strike 0-2: Strikes out swinging
|
Top of the 4th over - 0 runs, 0 hits, 0 errors, 0 left on base; Canton 1 - Columbus 2 |
BOTTOM OF THE 4TH |
Columbus Reds batting - Pitching for Canton Indians : RHP Ian McLeod
|
Batting: RHB Cornholdo Schwerin
|
0-0: Ball 1-0: Ball 2-0: Ball 3-0: Called Strike 3-1: Base on Balls
|
Batting: RHB John Hopkins
|
0-0: Called Strike Cornholdo Schwerin steals 2nd base 0-1: Ball 1-1: Ball 2-1: Fly out, F7 (Flyball, 7LM, EV 109.4 MPH)
|
Batting: SHB Sal Esparza
|
0-0: Ball 1-0: Fly out, F8 (Flyball, 8LS, EV 88.1 MPH)
|
Batting: LHB Jamie Spangenberg
|
0-0: Ball 1-0: Called Strike 1-1: Fly out, F5 (Popup, 5SF, EV 72.5 MPH)
|
Bottom of the 4th over - 0 runs, 0 hits, 0 errors, 1 left on base; Canton 1 - Columbus 2 |
TOP OF THE 5TH |
Canton Indians batting - Pitching for Columbus Reds : LHP Chris Burr
|
Batting: LHB Mike Humfleet
|
0-0: Called Strike 0-1: Swinging Strike 0-2: Strikes out looking
|
Batting: LHB Jason Kessler
|
0-0: Fly out, F8 (Flyball, 8RXD, EV 94.4 MPH)
|
Batting: RHB Cruz Castro
|
0-0: Ball 1-0: SOLO HOME RUN (Flyball, 78XD, EV 113.8 MPH), Distance : 444 ft
|
Pitching: LHP Joe McLaughlin
|
|
Batting: RHB Ryan Paquette
|
0-0: Ball 1-0: Ball 2-0: Fly out, F9 (Flyball, 9D, EV 98.1 MPH)
|
Top of the 5th over - 1 run, 1 hit, 0 errors, 0 left on base; Canton 2 - Columbus 2 |
BOTTOM OF THE 5TH |
Columbus Reds batting - Pitching for Canton Indians : RHP Ian McLeod
|
Batting: RHB Ruben Cantu
|
0-0: Called Strike 0-1: Foul Ball, location: 2F 0-2: Foul Ball, location: 2F 0-2: Strikes out looking
|
Batting: LHB Mike Becerra
|
0-0: Called Strike 0-1: Ball 1-1: Ball 2-1: Foul Ball, location: 2F 2-2: Foul Ball, location: 2F 2-2: Fly out, F8 (Flyball, 8LD, EV 91.9 MPH)
|
Batting: RHB Alex Nagera
|
0-0: Called Strike 0-1: Ball 1-1: Ball 2-1: Foul Ball, location: 2F 2-2: Hit by Pitch
|
Batting: RHB Emanuel Estrada
|
0-0: Called Strike 0-1: Ball 1-1: Fly out, F8 (Line Drive, 8RM, EV 96.2 MPH)
|
Bottom of the 5th over - 0 runs, 0 hits, 0 errors, 1 left on base; Canton 2 - Columbus 2 |
TOP OF THE 6TH |
Canton Indians batting - Pitching for Columbus Reds : LHP Joe McLaughlin
|
Batting: RHB Xavier Bartolani
|
0-0: Fly out, F8 (Line Drive, 8RM, EV 98.1 MPH)
|
Batting: RHB Willie Toral
|
0-0: Ball 1-0: Swinging Strike 1-1: Ball 2-1: Foul Ball, location: 2F 2-2: SINGLE (Flyball, 9LS, EV 95.6 MPH)
|
Batting: RHB Tony Gonzales
|
0-0: Reached on error, E5 (Groundball, 56S, EV 78.1 MPH) Willie Toral to second
|
Batting: RHB Russ Kennett
|
0-0: Ball 1-0: Called Strike 1-1: Foul Ball, location: 2F 1-2: Ball 2-2: Strikes out swinging
|
Batting: LHB Dorian Oram
|
0-0: SINGLE (Line Drive, 4D, EV 95.6 MPH) Willie Toral to third Tony Gonzales to second Runner from 3rd tries for Home, SAFE, throw by RF to home
|
Batting: LHB Mike Humfleet
|
0-0: Ball 1-0: Ball 2-0: Ball 3-0: Called Strike 3-1: Foul Ball, location: 2F 3-2: Foul Ball, location: 2F 3-2: Foul Ball, location: 2F 3-2: Foul Ball, location: 2F 3-2: Foul Ball, location: 2F 3-2: Base on Balls Tony Gonzales to third Dorian Oram to second
|
Pitching: RHP Finlay Clamp
|
|
Batting: LHB Jason Kessler
|
0-0: Called Strike 0-1: Called Strike 0-2: Ball 1-2: Foul Ball, location: 2F 1-2: Strikes out swinging
|
Top of the 6th over - 1 run, 2 hits, 1 error, 3 left on base; Canton 3 - Columbus 2 |
BOTTOM OF THE 6TH |
Columbus Reds batting - Pitching for Canton Indians : RHP Ian McLeod
|
Pitching: RHP Ryan Perkins
|
|
Pinch Hitting: RHB Ed Santibanez
|
0-0: Called Strike 0-1: Foul Ball, location: 2F 0-2: Ball 1-2: Ground out 5-3 (Groundball, 56S, EV 86.9 MPH)
|
Pinch Hitting: LHB Jamel Wilhite
|
0-0: Ground out 4-3 (Groundball, 4, EV 106.2 MPH)
|
Batting: RHB John Hopkins
|
0-0: Foul Ball, location: 2F 0-1: Foul Ball, location: 2F 0-2: Ground out U3 (Groundball, 34S, EV 68.1 MPH)
|
Bottom of the 6th over - 0 runs, 0 hits, 0 errors, 0 left on base; Canton 3 - Columbus 2 |
TOP OF THE 7TH |
Canton Indians batting - Pitching for Columbus Reds : RHP Finlay Clamp
|
Now at 1B: Clint Hanninen
|
|
Now in LF: Ed Santibanez
|
|
Now in CF: Emanuel Estrada
|
|
Batting: RHB Cruz Castro
|
0-0: Foul Ball, location: 2F 0-1: Foul Ball, location: 2F 0-2: Ball 1-2: Strikes out looking
|
Batting: RHB Ryan Paquette
|
0-0: Swinging Strike 0-1: Ball 1-1: Called Strike 1-2: Ball 2-2: Ball 3-2: Strikes out swinging
|
Batting: RHB Xavier Bartolani
|
0-0: Foul Ball, location: 2F 0-1: Ball 1-1: Foul Ball, location: 2F 1-2: Foul Ball, location: 2F 1-2: Strikes out swinging
|
Top of the 7th over - 0 runs, 0 hits, 0 errors, 0 left on base; Canton 3 - Columbus 2 |
BOTTOM OF THE 7TH |
Columbus Reds batting - Pitching for Canton Indians : RHP Ryan Perkins
|
Batting: SHB Sal Esparza
|
0-0: Fly out, F9 (Line Drive, 9, EV 95.0 MPH)
|
Batting: LHB Jamie Spangenberg
|
0-0: Ball 1-0: Ball 2-0: Called Strike 2-1: Foul Ball, location: 2F 2-2: Foul Ball, location: 2F 2-2: Foul Ball, location: 2F 2-2: SOLO HOME RUN (Flyball, 89XD, EV 108.8 MPH), Distance : 429 ft
|
Batting: RHB Ruben Cantu
|
0-0: Ball 1-0: Ball 2-0: Fly out, F9 (Flyball, 9D, EV 108.8 MPH)
|
Batting: LHB Mike Becerra
|
0-0: Ball 1-0: Foul Ball, location: 2F 1-1: Ground out 1-3 (Groundball, 34S, EV 73.1 MPH)
|
Bottom of the 7th over - 1 run, 1 hit, 0 errors, 0 left on base; Canton 3 - Columbus 3 |
TOP OF THE 8TH |
Canton Indians batting - Pitching for Columbus Reds : RHP Finlay Clamp
|
Pinch Hitting: RHB Quan Tai
|
0-0: Ball 1-0: Swinging Strike 1-1: Ball 2-1: Foul Ball, location: 2F 2-2: Strikes out swinging
|
Batting: RHB Tony Gonzales
|
0-0: Ball 1-0: Called Strike 1-1: Called Strike 1-2: Strikes out swinging
|
Pitching: RHP Eudaldo Cuyco
|
|
Pinch Hitting: RHB Rob Marti
|
0-0: Called Strike 0-1: Ground out 2-3 (Groundball, 15S, EV 68.8 MPH)
|
Top of the 8th over - 0 runs, 0 hits, 0 errors, 0 left on base; Canton 3 - Columbus 3 |
BOTTOM OF THE 8TH |
Columbus Reds batting - Pitching for Canton Indians : RHP Ryan Perkins
|
Now at 2B: Rob Marti
|
|
Now at 3B: Cruz Castro
|
|
Now at SS: Tony Gonzales
|
|
Now in CF: Tom Auld
|
|
Pinch Hitting: LHB Armando Arellano
|
0-0: Ground out U3 (Groundball, 3, EV 86.2 MPH)
|
Batting: RHB Emanuel Estrada
|
0-0: Ball 1-0: Ball 2-0: Ball 3-0: Foul Ball, location: 2F 3-1: Called Strike 3-2: Strikes out swinging
|
Batting: RHB Ed Santibanez
|
0-0: Swinging Strike 0-1: Ball 1-1: Foul Ball, location: 2F 1-2: Ball 2-2: Foul Ball, location: 2F 2-2: Ground out 5-3 (Groundball, 56S, EV 89.4 MPH)
|
Bottom of the 8th over - 0 runs, 0 hits, 0 errors, 0 left on base; Canton 3 - Columbus 3 |
TOP OF THE 9TH |
Canton Indians batting - Pitching for Columbus Reds : RHP Eudaldo Cuyco
|
Now at 3B: Nick Partain
|
|
Batting: LHB Dorian Oram
|
0-0: Called Strike 0-1: Ball 1-1: Ball 2-1: Ground out 4-3 (Groundball, 4, EV 90.0 MPH)
|
Batting: LHB Mike Humfleet
|
0-0: Ball 1-0: Swinging Strike 1-1: Swinging Strike 1-2: Ball 2-2: Foul Ball, location: 2F 2-2: Ball 3-2: Strikes out swinging
|
Batting: LHB Jason Kessler
|
0-0: Called Strike 0-1: Ball 1-1: Ball 2-1: Ball 3-1: Called Strike 3-2: Fly out, F7 (Line Drive, 7, EV 88.1 MPH)
|
Top of the 9th over - 0 runs, 0 hits, 0 errors, 0 left on base; Canton 3 - Columbus 3 |
BOTTOM OF THE 9TH |
Columbus Reds batting - Pitching for Canton Indians : RHP Ryan Perkins
|
Pitching: LHP Sam Johnson
|
|
Pinch Hitting: RHB Alex Ruybalid
|
0-0: Foul Ball, location: 2F 0-1: Foul Ball, location: 2F 0-2: Foul Ball, location: 2F 0-2: Ball 1-2: Strikes out swinging
|
Batting: RHB John Hopkins
|
0-0: Ball 1-0: Ball 2-0: Ball 3-0: Called Strike 3-1: Swinging Strike 3-2: SINGLE (Line Drive, 9LS, EV 94.4 MPH)
|
Batting: SHB Sal Esparza
|
0-0: Ball 1-0: Swinging Strike 1-1: Called Strike 1-2: Ball 2-2: Fly out, F8 (Flyball, 8LM, EV 94.4 MPH)
|
Batting: LHB Jamie Spangenberg
|
0-0: Ball 1-0: Ball 2-0: Foul Ball, location: 2F 2-1: Foul Ball, location: 2F 2-2: Foul Ball, location: 2F 2-2: Ball 3-2: Ground out 4-3 (Groundball, 13, EV 91.9 MPH)
|
Bottom of the 9th over - 0 runs, 1 hit, 0 errors, 1 left on base; Canton 3 - Columbus 3 |
TOP OF THE 10TH |
Canton Indians batting - Pitching for Columbus Reds : RHP Eudaldo Cuyco
|
Now at 1B: Rodrigo Samano
|
|
Batting: RHB Cruz Castro
|
0-0: Called Strike 0-1: Fly out, F7 (Flyball, 78D, EV 100.0 MPH)
|
Batting: RHB Ryan Paquette
|
0-0: Called Strike 0-1: Ball 1-1: Hit by Pitch
|
Batting: RHB Xavier Bartolani
|
0-0: Called Strike 0-1: Ball 1-1: Ball 2-1: Fielders Choice at 2nd, 6-4 (Groundball, 6M, EV 93.8 MPH)
|
Pinch Hitting: RHB Joe Bauer
|
0-0: Fly out, F9 (Flyball, 9, EV 86.9 MPH)
|
Top of the 10th over - 0 runs, 0 hits, 0 errors, 1 left on base; Canton 3 - Columbus 3 |
BOTTOM OF THE 10TH |
Columbus Reds batting - Pitching for Canton Indians : LHP Sam Johnson
|
Now in CF: Jose Abreu
|
|
Batting: RHB Ruben Cantu
|
0-0: Ball 1-0: Called Strike 1-1: Ball 2-1: Ball 3-1: Called Strike 3-2: Foul Ball, location: 2F 3-2: Fly out, F9 (Flyball, 89D, EV 91.9 MPH)
|
Batting: LHB Mike Becerra
|
0-0: Called Strike 0-1: Fly out, F7 (Flyball, 7, EV 85.6 MPH)
|
Batting: RHB Nick Partain
|
0-0: Ground out 6-3 (Groundball, 6, EV 106.9 MPH)
|
Bottom of the 10th over - 0 runs, 0 hits, 0 errors, 0 left on base; Canton 3 - Columbus 3 |
TOP OF THE 11TH |
Canton Indians batting - Pitching for Columbus Reds : RHP Eudaldo Cuyco
|
Batting: RHB Tony Gonzales
|
0-0: Swinging Strike 0-1: Ball 1-1: Ball 2-1: Ball 3-1: Called Strike 3-2: Fly out, F8 (Flyball, 8LD, EV 94.4 MPH)
|
Batting: RHB Rob Marti
|
0-0: Called Strike 0-1: Ball 1-1: Ball 2-1: Called Strike 2-2: Strikes out swinging
|
Batting: LHB Dorian Oram
|
0-0: Called Strike 0-1: Called Strike 0-2: Fly out, F7 (Line Drive, 7, EV 95.0 MPH)
|
Top of the 11th over - 0 runs, 0 hits, 0 errors, 0 left on base; Canton 3 - Columbus 3 |
BOTTOM OF THE 11TH |
Columbus Reds batting - Pitching for Canton Indians : LHP Sam Johnson
|
Batting: RHB Emanuel Estrada
|
0-0: Called Strike 0-1: Ball 1-1: Foul Ball, location: 2F 1-2: Ball 2-2: Ball 3-2: Fly out, F5 (Line Drive, 56, EV 72.5 MPH)
|
Batting: RHB Ed Santibanez
|
0-0: Swinging Strike 0-1: Ball 1-1: SINGLE (Groundball, 6S, EV 67.5 MPH) (infield hit)
|
Batting: LHB Rodrigo Samano
|
0-0: Fielders Choice at 2nd, 3-6 (Groundball, 3, EV 99.4 MPH)
|
Batting: RHB John Hopkins
|
0-0: Called Strike 0-1: Fly out, F3 (Line Drive, 34, EV 66.9 MPH)
|
Bottom of the 11th over - 0 runs, 1 hit, 0 errors, 1 left on base; Canton 3 - Columbus 3 |
TOP OF THE 12TH |
Canton Indians batting - Pitching for Columbus Reds : RHP Eudaldo Cuyco
|
Batting: LHB Mike Humfleet
|
0-0: Fly out, F9 (Line Drive, 9D, EV 90.0 MPH)
|
Batting: LHB Jason Kessler
|
0-0: Called Strike 0-1: Ground out U3 (Groundball, 23, EV 85.6 MPH)
|
Batting: RHB Cruz Castro
|
0-0: Called Strike 0-1: Ground out 6-3 (Groundball, 6, EV 83.1 MPH)
|
Top of the 12th over - 0 runs, 0 hits, 0 errors, 0 left on base; Canton 3 - Columbus 3 |
BOTTOM OF THE 12TH |
Columbus Reds batting - Pitching for Canton Indians : LHP Sam Johnson
|
Pitching: RHP Abdul-Wadud Mazin
|
|
Batting: SHB Sal Esparza
|
0-0: Ball 1-0: Called Strike 1-1: Called Strike 1-2: Foul Ball, location: 2F 1-2: SINGLE (Flyball, 89S, EV 95.0 MPH)
|
Batting: LHB Jamie Spangenberg
|
0-0: Ball 1-0: Fielders Choice at 2nd, 3-6 (Groundball, 3, EV 80.0 MPH)
|
Batting: RHB Ruben Cantu
|
0-0: Called Strike 0-1: Ball 1-1: Ball 2-1: Fielders Choice at 2nd, 4-6 (Groundball, 34, EV 102.5 MPH)
|
Batting: LHB Mike Becerra
|
0-0: Ball 1-0: Fly out, F6 (Popup, 6M, EV 75.0 MPH)
|
Bottom of the 12th over - 0 runs, 1 hit, 0 errors, 1 left on base; Canton 3 - Columbus 3 |
TOP OF THE 13TH |
Canton Indians batting - Pitching for Columbus Reds : RHP Eudaldo Cuyco
|
Batting: RHB Ryan Paquette
|
0-0: Foul Ball, location: 2F 0-1: Swinging Strike 0-2: Strikes out looking
|
Batting: RHB Xavier Bartolani
|
0-0: Ball 1-0: Foul Ball, location: 2F 1-1: Ball 2-1: SINGLE (Groundball, 4S, EV 65.6 MPH) (infield hit)
|
Pitching: RHP Toyohiro Nakagawa
|
|
Pinch Hitting: LHB Chris Smithers
|
0-0: Ball 1-0: Ball Wild Pitch! Xavier Bartolani to second 2-0: Ball 3-0: Called Strike 3-1: Base on Balls
|
Batting: RHB Tony Gonzales
|
0-0: Ball 1-0: Ball 2-0: Ball 3-0: Called Strike 3-1: Swinging Strike 3-2: Base on Balls Xavier Bartolani to third Chris Smithers to second
|
Batting: RHB Rob Marti
|
0-0: Called Strike 0-1: Foul Ball, location: 2F 0-2: Fly out, F8 (Flyball, 8RD, EV 100.6 MPH) Runner from 3rd tags up, OUT at HOME! 8-2
|
Top of the 13th over - 0 runs, 1 hit, 0 errors, 2 left on base; Canton 3 - Columbus 3 |
BOTTOM OF THE 13TH |
Columbus Reds batting - Pitching for Canton Indians : RHP Abdul-Wadud Mazin
|
Now in CF: Chris Smithers
|
|
Batting: RHB Nick Partain
|
0-0: Ball 1-0: Ball 2-0: Foul Ball, location: 2F 2-1: Fly out, F7 (Line Drive, 7S, EV 98.8 MPH)
|
Batting: RHB Emanuel Estrada
|
0-0: Ground out 6-3 (Groundball, 6, EV 106.2 MPH)
|
Batting: RHB Ed Santibanez
|
0-0: Foul Ball, location: 2F 0-1: Ball 1-1: Swinging Strike 1-2: Strikes out looking
|
Bottom of the 13th over - 0 runs, 0 hits, 0 errors, 0 left on base; Canton 3 - Columbus 3 |
TOP OF THE 14TH |
Canton Indians batting - Pitching for Columbus Reds : RHP Toyohiro Nakagawa
|
Batting: LHB Dorian Oram
|
0-0: Foul Ball, location: 2F 0-1: Foul Ball, location: 2F 0-2: Ball 1-2: Ground out 6-3 (Groundball, 6, EV 88.1 MPH)
|
Batting: LHB Mike Humfleet
|
0-0: Foul Ball, location: 2F 0-1: Ball 1-1: Called Strike 1-2: Ball 2-2: Strikes out looking
|
Batting: LHB Jason Kessler
|
0-0: Called Strike 0-1: Ball 1-1: Foul Ball, location: 2F 1-2: Strikes out swinging
|
Top of the 14th over - 0 runs, 0 hits, 0 errors, 0 left on base; Canton 3 - Columbus 3 |
BOTTOM OF THE 14TH |
Columbus Reds batting - Pitching for Canton Indians : RHP Abdul-Wadud Mazin
|
Batting: LHB Rodrigo Samano
|
0-0: Called Strike 0-1: Called Strike 0-2: Strikes out looking
|
Batting: RHB John Hopkins
|
0-0: Ball 1-0: Ground out 4-3 (Groundball, 4, EV 81.2 MPH)
|
Batting: SHB Sal Esparza
|
0-0: Ball 1-0: Ground out U3 (Groundball, 3L, EV 86.2 MPH)
|
Bottom of the 14th over - 0 runs, 0 hits, 0 errors, 0 left on base; Canton 3 - Columbus 3 |
TOP OF THE 15TH |
Canton Indians batting - Pitching for Columbus Reds : RHP Toyohiro Nakagawa
|
Batting: RHB Cruz Castro
|
0-0: Called Strike 0-1: Foul Ball, location: 2F 0-2: Ball 1-2: Strikes out swinging
|
Batting: RHB Ryan Paquette
|
0-0: SINGLE (Line Drive, 9LS, EV 105.6 MPH)
|
Batting: RHB Xavier Bartolani
|
0-0: Foul Ball, location: 2F 0-1: Ball Wild Pitch! Ryan Paquette to second 1-1: Intentional Walk
|
Batting: LHB Chris Smithers
|
0-0: Ball 1-0: Swinging Strike 1-1: Swinging Strike 1-2: Strikes out swinging
|
Batting: RHB Tony Gonzales
|
0-0: Ball 1-0: Ball 2-0: Foul Ball, location: 2F 2-1: Foul Ball, location: 2F 2-2: Ball 3-2: Base on Balls Ryan Paquette to third Xavier Bartolani to second
|
Batting: RHB Rob Marti
|
0-0: Ball 1-0: Ball 2-0: Called Strike 2-1: Ball 3-1: SINGLE (Line Drive, 8RS, EV 85.0 MPH) Ryan Paquette scores Xavier Bartolani to third Tony Gonzales to second Runner from 3rd tries for Home, SAFE, throw by CF to home
|
Pitching: RHP Chris Santos
|
|
Batting: LHB Dorian Oram
|
0-0: Foul Ball, location: 2F 0-1: Called Strike 0-2: Ball 1-2: Ball 2-2: Ball 3-2: Foul Ball, location: 2F 3-2: Foul Ball, location: 2F 3-2: Foul Ball, location: 2F 3-2: Ground out 6-3 (Groundball, 6, EV 81.2 MPH)
|
Top of the 15th over - 2 runs, 2 hits, 0 errors, 2 left on base; Canton 5 - Columbus 3 |
BOTTOM OF THE 15TH |
Columbus Reds batting - Pitching for Canton Indians : RHP Abdul-Wadud Mazin
|
Batting: LHB Jamie Spangenberg
|
0-0: Foul Ball, location: 2F 0-1: Ball 1-1: TRIPLE (Line Drive, 89XD, EV 103.8 MPH)
|
Pitching: RHP Justin Johnson
|
|
Batting: RHB Ruben Cantu
|
0-0: Ball 1-0: SINGLE (Groundball, 4D, EV 104.4 MPH) Jamie Spangenberg scores
|
Batting: LHB Mike Becerra
|
0-0: Foul Ball, location: 2F 0-1: Ball 1-1: Swinging Strike 1-2: SINGLE (Flyball, 4MD, EV 91.2 MPH) Ruben Cantu to second
|
Batting: RHB Nick Partain
|
0-0: Ball 1-0: Foul Ball, location: 2F 1-1: Swinging Strike 1-2: Ball 2-2: Ball 3-2: Foul Ball, location: 2F 3-2: Hit by Pitch Ruben Cantu to third Mike Becerra to second
|
Pitching: RHP Phil Kessler
|
|
Batting: RHB Emanuel Estrada
|
0-0: Ball 1-0: Fly out, F9 (Flyball, 9, EV 91.9 MPH) Runner from 3rd tags up, OUT at HOME! 9-2 Mike Becerra to third Nick Partain to second
|
Batting: RHB Ed Santibanez
|
0-0: Intentional Walk
|
Batting: LHB Rodrigo Samano
|
0-0: Ball 1-0: Ball 2-0: Foul Ball, location: 2F 2-1: Swinging Strike 2-2: Strikes out swinging
|
Bottom of the 15th over - 1 run, 3 hits, 0 errors, 3 left on base; Canton 5 - Columbus 4 |
|